 Dungeon Sprint DCSS version 0.22-a0-355-g201945f (webtiles) character file.

2839 emperorscorpion the Quickloader (level 9, -7/89 HPs)
             Began as a Minotaur Hunter on Apr 17, 2018.
             Was an Elder of Trog.
             Mangled by a blink frog (14 damage)
             ... in the Dungeon (Sprint IX: "|||||||||||||||||||||||||||||").
             The game lasted 00:03:05 (300 turns).

emperorscorpion the Quickloader (Minotaur Hunter)    Turns: 300, Time: 00:03:06

Health: -7/89      AC: 15    Str: 18    XL:     9   Next: 46%
Magic:  8/10       EV: 10    Int: 11    God:    Trog [****..]
Gold:   0          SH:  0    Dex: 13    Spells: 8/8 levels left

rFire    . . .     SeeInvis .   b - +1 hand crossbow
rCold    . . .     Gourm    .   (no shield)
rNeg     . . .     Faith    .   r - +1 chain mail
rPois    .         Spirit   .   (helmet restricted)
rElec    .         Reflect  .   q - +0 cloak
rCorr    .         Harm     .   (no gloves)
MR       .....     NoTele   +   (no boots)
Stlth    ..........             (no amulet)
HPRegen  0.24/turn              s - +2 ring of protection
MPRegen  0.12/turn              t - +3 ring of intelligence

@: no status effects
A: retaliatory headbutt, horns 2
a: Berserk, Trog's Hand, Brothers in Arms, Renounce Religion


You were in the Dungeon.
You worshipped Trog.
Trog was greatly pleased with you.
You were hungry.

You visited 1 branch

Inventory:

Hand Weapons
 a - a +4 quarterstaff of speed
 b - a +1 hand crossbow (weapon)
 o - a +0 short sword
Missiles
 d - 43 bolts (quivered)
Armour
 c - a +0 leather armour
 p - a +0 helmet
 q - a +0 cloak (worn)
 r - a +1 chain mail (worn)
Magical Staves
 n - an uncursed staff of energy
Jewellery
 s - a +2 ring of protection (left hand)
 t - a +3 ring of intelligence (right hand)
Wands
 m - a wand of acid (4)
Scrolls
 k - 2 scrolls of blinking
 l - 3 scrolls of remove curse
 x - 9 scrolls of enchant armour
 y - a scroll of fear
 z - a scroll of fog
Potions
 e - 6 potions of curing
 g - 7 potions of heal wounds
 h - a potion of haste
 i - 4 potions of magic
 j - a potion of invisibility
 v - a potion of agility
 w - a potion of resistance
Comestibles
 f - a ration
 u - a chunk of flesh


   Skills:
 + Level 11.3 Fighting
 - Level 1.7 Short Blades
 + Level 13.3 Staves
 + Level 14.2 Crossbows
 + Level 8.1 Armour
 + Level 5.7 Dodging
 + Level 2.9 Stealth
 + Level 3.1 Evocations


You had 8 spell levels left.
You didn't know any spells.

Dungeon Overview and Level Annotations

Branches:
Dungeon (1/1)

Altars:
Cheibriados
Dithmenos
Elyvilon
Fedhas
Gozag
Hepliaklqana
Kikubaaqudgha
Makhleb
Nemelex Xobeh
Okawaru
Qazlal
Ru
Sif Muna
Trog
Uskayaw
Vehumet
Wu Jian
Xom
Yredelemnul
Zin
The Shining One
Beogh
Jiyva
Lugonu


Innate Abilities, Weirdness & Mutations

You reflexively headbutt those who attack you in melee.
You have a pair of horns on your head.


Message History

You kill the five-headed hydra!
Trog accepts your kill.
Your Fighting skill increases to level 11!
Your Staves skill increases to level 13!
Your Armour skill gained 2 levels and is now at level 8!
Your Evocations skill increases to level 3!
Firing (i - inventory)
d - 45 bolts (quivered)
Press: ? - help, Shift-Dir - straight line, f - blink frog
Aim: a blink frog (moderately wounded)
You shoot a bolt. The bolt hits the blink frog.
The blink frog is moderately wounded.
The blink frog hits you!
* * * LOW HITPOINT WARNING * * *
Firing (i - inventory)
d - 44 bolts (quivered)
Press: ? - help, Shift-Dir - straight line, f/p - blink frog
Aim: a blink frog (moderately wounded)
You shoot a bolt. The bolt hits the blink frog!
The blink frog is severely wounded.
The blink frog hits you!
You die...

▓.▓.▓.▓
▓.▓.▓(▓
▓.▓.▓.▓
▓.▓.▓)▓
▓'▓.▓.▓
▓_▓.▓.▓
▓_▓.▓.▓
▓_▓.▓F▓
▓_▓.▓@▓
▓_▓.▓(▓
▓_▓.▓(▓
▓_▓.▓(▓
▓_▓.▓.▓
▓_▓.▓.▓
▓_▓.▓.▓
▓_▓.▓(▓
▓_▓.▓


You could see a blink frog.

Vanquished Creatures
  2 hydras (D)
  A spiny frog (D)
  An efreet (D)
  A shadow (D)
  A yak (D)
  A hungry ghost (D)
  2 water moccasins (D)
  A centaur (D)
  A bullfrog (D)
  A scorpion (D)
  A hound (D)
  An iguana (D)
  3 worker ants (D)
  An adder (D)
  An adder zombie (D)
  2 orcs (D)
  2 bat zombies (D)
  2 bats (D)
  2 goblins (D)
  A jackal zombie (D)
  A rat (D)
29 creatures vanquished.

Vanquished Creatures (others)
  A jelly (D)
1 creature vanquished.

Grand Total: 30 creatures vanquished

Notes
Turn   | Place    | Note
-------+----------+-------------------------------------------
     0 | D        | emperorscorpion the Minotaur Hunter began the quest for the Orb.
     0 | D        | Reached XP level 1. HP: 18/18 MP: 0/0
     6 | D        | Reached skill level 5 in Crossbows
    14 | D        | Noticed a worker ant
    14 | D        | Noticed an iguana
    21 | D        | Killed a worker ant
    21 | D        | Reached skill level 1 in Short Blades
    21 | D        | Reached skill level 7 in Crossbows
    21 | D        | Reached XP level 2. HP: 25/25 MP: 1/1
    21 | D        | Reached XP level 3. HP: 30/30 MP: 2/2
    26 | D        | Reached skill level 8 in Crossbows
    33 | D        | Found a roughly hewn altar of Beogh.
    33 | D        | Found a snail-covered altar of Cheibriados.
    33 | D        | Found a shadowy altar of Dithmenos.
    33 | D        | Found a white marble altar of Elyvilon.
    33 | D        | Found a blossoming altar of Fedhas.
    33 | D        | Found an opulent altar of Gozag.
    34 | D        | Found a hazy altar of Hepliaklqana.
    35 | D        | Found a viscous altar of Jiyva.
    36 | D        | Found an ancient bone altar of Kikubaaqudgha.
    37 | D        | Found a corrupted altar of Lugonu.
    38 | D        | Found a burning altar of Makhleb.
    39 | D        | Found a sparkling altar of Nemelex Xobeh.
    40 | D        | Found an iron altar of Okawaru.
    41 | D        | Found a stormy altar of Qazlal.
    42 | D        | Found a sacrificial altar of Ru.
    43 | D        | Found a deep blue altar of Sif Muna.
    44 | D        | Found a bloodstained altar of Trog.
    45 | D        | Found a hide-covered altar of Uskayaw.
    46 | D        | Found a radiant altar of Vehumet.
    47 | D        | Found an ornate altar of the Wu Jian Council.
    48 | D        | Found a shimmering altar of Xom.
    49 | D        | Found a basalt altar of Yredelemnul.
    50 | D        | Found a glowing silver altar of Zin.
    51 | D        | Found a glowing golden altar of the Shining One.
    54 | D        | Became a worshipper of Trog the Wrathful
   101 | D        | Noticed a hungry ghost
   101 | D        | Noticed a centaur
   108 | D        | Killed a hungry ghost
   108 | D        | Reached skill level 5 in Fighting
   108 | D        | Reached skill level 11 in Crossbows
   108 | D        | Reached skill level 1 in Armour
   108 | D        | Reached skill level 1 in Stealth
   108 | D        | Reached XP level 4. HP: 31/42 MP: 3/3
   108 | D        | Reached XP level 5. HP: 36/48 MP: 4/4
   114 | D        | Reached * piety under Trog
   120 | D        | Killed a centaur
   120 | D        | Reached XP level 6. HP: 23/57 MP: 5/5
   127 | D        | Reached ** piety under Trog
   127 | D        | Reached skill level 12 in Crossbows
   138 | D        | Noticed an efreet
   138 | D        | Noticed a shadow
   141 | D        | Killed an efreet
   141 | D        | Reached skill level 13 in Crossbows
   141 | D        | Reached XP level 7. HP: 40/66 MP: 6/6
   158 | D        | Killed a shadow
   158 | D        | Reached skill level 1 in Evocations
   161 | D        | Reached *** piety under Trog
   161 | D        | Reached skill level 5 in Dodging
   273 | D        | Noticed a yak
   273 | D        | Noticed a spiny frog
   273 | D        | Noticed a seven-headed hydra
   277 | D        | Received a gift from Trog
   278 | D        | Killed a yak
   278 | D        | Reached XP level 8. HP: 61/75 MP: 6/8
   279 | D        | Noticed a blink frog
   280 | D        | Killed a seven-headed hydra
   280 | D        | Received a gift from Trog
   280 | D        | Killed a spiny frog
   280 | D        | Reached skill level 10 in Fighting
   280 | D        | Reached skill level 14 in Crossbows
   280 | D        | Reached XP level 9. HP: 72/86 MP: 6/9
   287 | D        | Noticed a five-headed hydra
   288 | D        | Reached **** piety under Trog
   298 | D        | Killed a five-headed hydra
   300 | D        | Mangled by a blink frog

Vault maps used:
D:        linesprint

Skill      XL: |  1  2  3  4  5  6  7  8  9 |
---------------+----------------------------+-----
Crossbows      | 7 11 13 14 | 14.2
Short Blades   | 1 |  1.7
Fighting       | 5 7 8 10 11 | 11.3
Staves         | 2 3 6 9 12 13 | 13.3
Armour         | 1 2 3 4 6 8 |  8.1
Dodging        | 3 4 5 |  5.7
Stealth        | 1 2 |  2.9
Evocations     | 1 2 3 |  3.1

Action                   |  1- 3 |  4- 6 |  7- 9 || total
-------------------------+-------+-------+-------++-------
Melee: Short sword       |    14 |       |       ||    14
       Headbutt          |     2 |     3 |     1 ||     6
       Quarterstaff      |     7 |    17 |    20 ||    44
 Fire: Hand crossbow     |       |       |    17 ||    17
Invok: Trog's Hand       |       |     1 |     2 ||     3
Evoke: Wand              |       |     2 |     4 ||     6
  Use: Potion            |     1 |       |       ||     1
  Eat: Chunk             |       |     2 |     1 ||     3
Armor: Leather armour    |     4 |       |       ||     4
       Chain mail        |     5 |     5 |    18 ||    28
Dodge: Dodged            |    11 |     8 |    16 ||    35

Table legend:
 A = Spawn XP
 B = Non-spawn XP
 C = Spawn XP percentage of total XP
 D = Spawn monster count
 E = Non-spawn monster count
 F = Spawn count percentage of total count
 G = Total turns spent on level
                    A         B        C        D         E        F      G
               +---------+---------+-------+---------+---------+-------+---------
         Total |       0 |    4056 |   0.0 |       0 |      30 |   0.0 |   300
               +---------+---------+-------+---------+---------+-------+---------
             D |       0 |    4056 |   0.0 |       0 |      30 |   0.0 |   300
               +---------+---------+-------+---------+---------+-------+---------
